 Dungeon Crawl Stone Soup version 0.29.1-4-g47bece8355 (webtiles) character file.

Game seed: 10224933200895641707

632 DildoBatman the Conjurer (level 7, -1/52 HPs)
             Began as a Formicid Conjurer on Dec 6, 2022.
             Was an Initiate of Kikubaaqudgha.
             Slain by Duvessa
             ... wielding a +0 short sword
              (12 damage)
             ... on level 6 of the Dungeon.
             The game lasted 00:08:04 (2828 turns).

DildoBatman the Conjurer (Formicid Conjurer)        Turns: 2828, Time: 00:08:05

Health: -1/52      AC:  3    Str: 12    XL:     7   Next: 78%
Magic:  9/14       EV: 12    Int: 21    God:    Kikubaaqudgha [......]
Gold:   159        SH:  4    Dex: 12    Spells: 9/15 levels left

rFire   . . .      SeeInvis +   e - +2 flail of Pain and Death {flame, rC+ Int+2}
rCold   + . .      Faith    .   o - +0 buckler
rNeg    . . .      Spirit   .   y - +0 robe
rPois   +          Reflect  .   (helmet unavailable)
rElec   .          Harm     .   (no cloak)
rCorr   .          Rampage  .   i - +0 pair of gloves
Will    .....                   (no boots)
Stlth   ++........              m - amulet of magic regeneration
HPRegen 0.17/turn               k - ring of poison resistance
MPRegen 0.54/turn               (no ring)

@: no status effects
A: permanent stasis, dig shafts and tunnels, antennae 3, four strong arms
a: Dig, Shaft Self, Renounce Religion


You were on level 6 of the Dungeon.
You worshipped Kikubaaqudgha.
Kikubaaqudgha was noncommittal.
You visited 2 branches of the dungeon, and saw 7 of its levels.

You collected 159 gold pieces.

Inventory:

Hand Weapons
 a - a +0 sling
 e - the +2 flail of Pain and Death (weapon) {flame, rC+ Int+2}
   (You took it off an orc on level 3 of the Dungeon)

   It burns those it strikes, dealing additional fire damage.
   Int:       It affects your intelligence (+2).
   rC:        It protects you from cold.
 A - a +2 dagger of venom
Missiles
 n - 60 stones
 u - 5 poisoned darts
 E - 6 boomerangs
Armour
 i - a +0 pair of gloves (worn)
 o - a +0 buckler (worn)
 y - a +0 robe (worn)
Magical Staves
 p - a staff of air
Jewellery
 k - a ring of poison resistance (left hand)
 m - an amulet of magic regeneration (around neck)
Wands
 D - a wand of acid (5)
Scrolls
 d - a scroll of fog {unknown}
 f - a scroll of vulnerability {unknown}
 g - a scroll of noise {unknown}
 j - a scroll of teleportation {unknown}
 q - 2 scrolls of blinking {unknown}
 r - a scroll of poison {unknown}
 v - a scroll of enchant armour {unknown}
 x - a scroll of fear {unknown}
 z - 8 scrolls of identify
 C - a scroll of magic mapping
Potions
 b - a potion of magic
 c - a potion of invisibility {unknown}
 h - a potion of degeneration {unknown}
 l - 2 potions of curing {unknown}
 s - a potion of lignification {unknown}
 t - 2 potions of attraction {unknown}
 w - 2 potions of might {unknown}
 B - a potion of ambrosia {unknown}


   Skills:
 - Level 3.0 Fighting
 - Level 3.0 Armour
 - Level 2.0 Dodging
 - Level 2.4 Stealth
 * Level 2.0 Shields
 * Level 4.9 Spellcasting
 * Level 5.4 Conjurations


You had 9 spell levels left.
You knew the following spells:

 Your Spells              Type           Power      Damage    Failure   Level
a - Searing Ray           Conj           56%        2d6       2%          2
b - Conjure Flame         Conj/Fire      16%        6-21      13%         3
c - Magic Dart            Conj           100%       1d8       1%          1

Your spell library contained the following spells:

 Spells                   Type           Power      Damage    Failure   Level
 Foxfire                  Conj/Fire      64%        2x1d7     4%          1
 Dazzling Flash           Conj/Hex       32%        N/A       13%         3
 Apportation              Tloc           10%        N/A       14%         1
 Beastly Appendage        Tmut           10%        N/A       14%         1
 Necrotise                Necr           20%        1d5       14%         1
 Summon Small Mammal      Summ           20%        N/A       14%         1
 Wereblood                Tmut           5%         N/A       21%         2
 Gell's Gravitas          Tloc           5%         N/A       38%         3
 Inner Flame              Hex/Fire       5%         N/A       38%         3
 Portal Projectile        Hex/Tloc       10%        N/A       38%         3
 Spider Form              Tmut/Pois      5%         N/A       38%         3
 Teleport Other           Tloc           5%         N/A       38%         3
 Tukima's Dance           Hex            5%         N/A       38%         3
 Flame Wave               Conj/Fire      16%        2d7       41%         4
 Fulminant Prism          Conj/Hex       8%         3d7       41%         4
 Iskenderun's Mystic Bla  Conj/Tloc      16%        2d5       41%         4
 Blade Hands              Tmut           2%         N/A       98%         5
 Dispersal                Tloc           2%         N/A       100%        6


Dungeon Overview and Level Annotations

Branches:
Dungeon (6/15)             Temple (1/1) D:6

Altars:
Ashenzari
Cheibriados
Dithmenos
Elyvilon
Fedhas
Hepliaklqana
Kikubaaqudgha
Makhleb
Nemelex Xobeh
Okawaru
Ru
Sif Muna
Trog
Vehumet
Wu Jian
Xom
Yredelemnul
Zin

Shops:
D:1 [

Annotations:
D:5 Prince Ribbit
D:6 Duvessa


Innate Abilities, Weirdness & Mutations

You cannot be hasted, slowed, berserked, paralysed or teleported.
You can dig through walls and to a lower floor.
You have a pair of large antennae on your head. (SInv)
Your four strong arms can wield two-handed weapons with a shield.


Message History

e - the +2 flail of Pain and Death (weapon)
{flame, rC+ Int+2}
Casting: Searing Ray (safe; 2% risk of failure)
Confirm with . or Enter, or press ? or * to list all spells.
You can't see any susceptible monsters within range! (Use Z to cast anyway.)
Casting: Searing Ray (safe; 2% risk of failure)
Confirm with . or Enter, or press ? or * to list all spells.
Aiming: Magic Dart (safe; 1% risk of failure)
Press: ? - help, Shift-Dir - straight line, f - Duvessa
Aim: Duvessa, wielding a +0 short sword and wearing a +0 ring mail (berserk, 100% to hit)
The magic dart hits Duvessa but does no damage.
Casting: Magic Dart (safe; 1% risk of failure)
Confirm with . or Enter, or press ? or * to list all spells.
Aiming: Searing Ray (safe; 2% risk of failure)
Press: ? - help, Shift-Dir - straight line, f/p - Duvessa
Aim: Duvessa, wielding a +0 short sword and wearing a +0 ring mail (berserk, 85% to hit)
The searing ray misses Duvessa. (Press . to maintain the ray.)
The searing ray hits Duvessa!
Duvessa is lightly wounded.
Duvessa hits you with a +0 short sword!
The searing ray hits Duvessa!
Duvessa is moderately wounded.
Duvessa hits you with a +0 short sword!
A necrophage comes into view.
The searing ray hits Duvessa.
Duvessa is moderately wounded.
You finish channelling your searing ray.
Duvessa hits you with a +0 short sword. Duvessa barely misses you.
Casting: Searing Ray (safe; 2% risk of failure)
Confirm with . or Enter, or press ? or * to list all spells.
Aiming: Searing Ray (safe; 2% risk of failure)
Press: ? - help, Shift-Dir - straight line, f/p - Duvessa
Aim: Duvessa, wielding a +0 short sword and wearing a +0 ring mail (moderately wounded, berserk, 85% to hit)
The searing ray hits Duvessa.
Duvessa is heavily wounded. (Press . to maintain the ray.) Duvessa hits you with a +0 short sword!
You die...
Kikubaaqudgha rasps: "You have failed me!
Welcome... death!"

..#.........).....# #....
......⌠..>..⌠.......# #....
....................# #....
....[###...###......# #....
..... #.⌠.# ##....## #....
.....###...#####.### #....
.............##### ##...
..............##########....
#....n.....@....##..........
##.........e.##..........##.
#..........##.........÷####
#..#....................##
#.#.....................)##
..........................##
.#.........................#
..........................##
.......#....................


You could see Duvessa (berserk) and a necrophage.

Vanquished Creatures
  Pargi (D:3)
  An ice beast (D:6)
  A phantom (D:6)
  A gnoll sergeant (D:6)
  Dowan (D:6)
  An orc priest (D:3)
  An iguana (D:4)
  Jessica (D:3)
  An orc wizard (D:3)
  6 adders
  4 gnolls (D:6)
  A white imp (D:3)
  A worm (D:3)
  2 dart slugs
  4 orcs (D:3)
  3 ball pythons
  4 endoplasms
  2 giant cockroaches
  3 goblins
  6 hobgoblins
  4 jackals
  A quokka (D:1)
  5 bats
  A frilled lizard (D:3)
  7 kobolds
  5 rats
68 creatures vanquished.

Notes
Turn   | Place    | Note
-------+----------+-------------------------------------------
     0 | D:1      | DildoBatman the Formicid Conjurer began the quest for the
                  | Orb.
     0 | D:1      | Reached XP level 1. HP: 13/13 MP: 3/3
    40 | D:1      | Found a faded altar of an unknown god.
   231 | D:1      | Reached XP level 2. HP: 20/20 MP: 0/5
   234 | D:1      | Learned a level 2 spell: Searing Ray
   234 | D:1      | Found Umypaico's Antique Armour Shoppe.
   807 | D:1      | Reached skill level 1 in Fighting
   807 | D:1      | Reached skill level 1 in Armour
   807 | D:1      | Reached XP level 3. HP: 25/26 MP: 3/6
   844 | D:1      | Learned a level 3 spell: Conjure Flame
  1294 | D:2      | Reached skill level 4 in Conjurations
  1294 | D:2      | Reached XP level 4. HP: 32/32 MP: 4/8
  1334 | D:2      | You fall into a shaft and drop 1 floor!
  1428 | D:3      | Noticed Jessica
  1463 | D:3      | Identified the +2 flail of Pain and Death {flame, rC+
                  | Int+2}
  1606 | D:3      | Reached XP level 5. HP: 5/38 MP: 3/9
  1935 | D:3      | Noticed Pargi
  1945 | D:3      | Killed Pargi
  1946 | D:3      | Reached XP level 6. HP: 40/46 MP: 0/11
  2039 | D:3      | Killed Jessica
  2165 | D:5      | Entered Level 5 of the Dungeon
  2165 | D:5      | Noticed Prince Ribbit
  2181 | D:6      | Reached XP level 7. HP: 52/52 MP: 7/13
  2198 | D:6      | Noticed Dowan
  2329 | D:6      | Reached skill level 5 in Conjurations
  2452 | D:6      | Found a staircase to the Ecumenical Temple.
  2472 | Temple   | Entered the Ecumenical Temple
  2594 | Temple   | Became a worshipper of Kikubaaqudgha
  2712 | D:6      | Reached skill level 1 in Shields
  2807 | D:6      | Killed Dowan
  2821 | D:6      | Noticed Duvessa
  2828 | D:6      | Slain by Duvessa

Illustrated notes

Levels and vault maps discovered:
D:1:      nicolae_arrival_somewhat_less_tricky_arrival, layout_basic,
          hellmonk_ecumenical_altar_crossroads, serial_shops, shop
D:2:      layout_rooms
D:3:      layout_rooms, nicolae_eternal_life, palyth_stone_intersect,
          uniq_pargi, uniq_jessica
D:4:      layout_basic, grunt_ministairs_2
D:5:      layout_layer_cave, uniq_prince_ribbit1, uniq_edmund
D:6:      layout_cave_pods, minmay_temple_entry_junction, uniq_duvessa,
          uniq_sigmund
Temple:   hc_temple_tempest_star

Skill      XL: |  1  2  3  4  5  6  7 |
---------------+----------------------+-----
Dodging        | 2 |  2.0
Fighting       | 1 2 3 |  3.0
Armour         | 1 2 3 |  3.0
Conjurations   | 4 5 |  5.4
Spellcasting   | 3 4 |  4.9
Shields        | 2 |  2.0
Stealth        | |  2.4

Action                   |  1- 3 |  4- 6 |  7- 9 || total
-------------------------+-------+-------+-------++-------
Melee: Unarmed           |     8 |       |       ||     8
       Spear             |     4 |       |       ||     4
 Fire: Sling             |       |     2 |       ||     2
 Cast: Magic Dart        |    70 |    48 |    28 ||   146
       Searing Ray       |     1 |    17 |    12 ||    30
  Use: Scroll            |       |     3 |       ||     3
Armor: Robe              |     2 |     9 |     1 ||    12
Dodge: Dodged            |    20 |    12 |    13 ||    45
